 Dungeon Sprint DCSS version 0.27.0-65-ge2af304b15 (webtiles) character file.

Game seed: 7414311232048831504

164 styxcanada the Covert (level 5, -4/28 HPs)
             Began as a Spriggan Brigand on Aug 18, 2021.
             Slain by a shadow (7 damage)
             ... in the Dungeon (Sprint III: "The Ten Rune Challenge").
             The game lasted 00:01:39 (183 turns).

styxcanada the Covert (Spriggan Brigand)             Turns: 183, Time: 00:01:40

Health: -4/28      AC:  3    Str:  7    XL:     5   Next: 21%
Magic:  6/6        EV: 19    Int: 15    God:
Gold:   18         SH:  0    Dex: 17    Spells: 4/4 levels left

rFire    + . .     SeeInvis +   a - +2 dagger
rCold    . . .     Faith    .   (shield restricted)
rNeg     . . .     Spirit   .   b - +0 robe
rPois    .         Reflect  .   (helmet restricted)
rElec    .         Harm     .   c - +0 cloak
rCorr    .         Rampage  .   (gloves unavailable)
Will     +....     NoTele   +   (boots unavailable)
Stlth    ++++++....             (no amulet)
HPRegen  0.09/turn              (no ring)
MPRegen  0.10/turn              (no ring)

@: very quick
A: very small, no large weapons, unfitting armour, see invisible, speed 3,
clever 1, fire resistance 1, strong-willed 1
a: no special abilities


You were in the Dungeon.
You visited 1 branch You collected 18 gold pieces.

Inventory:

Hand Weapons
 a - a +2 dagger (weapon)
Missiles
 d - 29 poisoned darts (quivered)
 e - 2 curare-tipped darts
Armour
 b - a +0 robe (worn)
 c - a +0 cloak (worn)
Scrolls
 k - 3 scrolls of blinking
 m - 4 scrolls of torment {unknown}
 n - 2 scrolls of identify {unknown}
Potions
 h - a potion of haste
 i - 2 potions of magic
 j - a potion of berserk rage
 l - 2 potions of mutation
 o - a potion of degeneration {unknown}
 p - a potion of flight {unknown}


   Skills:
 * Level 3.1 Fighting
 + Level 3.5 Short Blades
 + Level 2.6 Throwing
 * Level 4.7 Dodging
 * Level 14.1 Stealth


You had 4 spell levels left.
You didn't know any spells.
Your spell library was empty.

Dungeon Overview and Level Annotations

Branches:
Dungeon (1/1)

Altars:


Innate Abilities, Weirdness & Mutations

You are very small and have problems with some larger weapons.
You are too small for most types of armour.
You have supernaturally acute eyesight. (SInv)
You cover ground extremely quickly. (Speed+++)
Your mind is acute. (Int +2)
Your flesh is heat resistant. (rF+)
You are strong-willed. (Will+)


Message History

The shadow hits you.
You hit the shadow but do no damage.
The shadow is lightly damaged.
The shadow hits you!
* * * LOW HITPOINT WARNING * * *
You hit the shadow.
The shadow is moderately damaged.
The shadow misses you.
You hit the shadow but do no damage.
The shadow is moderately damaged.
The shadow slips into darkness.
The shadow flickers and vanishes for a moment.
You feel much better. The shadow barely misses you.
You closely miss the shadow.
The shadow is moderately damaged.
You hit the shadow.
The shadow is moderately damaged.
The shadow hits you!
You barely miss the shadow.
The shadow is moderately damaged.
The shadow hits you.
* * * LOW HITPOINT WARNING * * *
You closely miss the shadow.
The shadow is moderately damaged.
The shadow closely misses you.
You hit the shadow.
The shadow is moderately damaged.
The shadow closely misses you.
You hit the shadow but do no damage.
The shadow is moderately damaged.
You hit the shadow.
The shadow is moderately damaged.
The shadow misses you.
You closely miss the shadow.
The shadow is moderately damaged.
The shadow barely misses you.
You hit the shadow but do no damage.
The shadow is moderately damaged.
The shadow hits you!
You die...

▓▓ ▓▓▓ .#### ##.#
....#####..#
.....#..#..#
##...#..#..###+#+###+##
###..##'#..#..........#
.##..###.†.'.⌠..@W....#
##..####...#...######'#
##..###....#.⌠.# #...#
#†..##.....#...# #...#
....#......#+### #...#
..##.#.....# #...+
..#####....# +...# ▓▓▓
▓▓▓▓▓▓ ▓▓▓▓▓


You could see a shadow.

Vanquished Creatures
  A scorpion (D)
  A water elemental (D)
  A jelly (D)
  A human (D)
  An endoplasm (D)
  3 rats (D)
8 creatures vanquished.

Vanquished Creatures (others)
  A plant (D)
1 creature vanquished.

Grand Total: 9 creatures vanquished

Notes
Turn   | Place    | Note
-------+----------+-------------------------------------------
     0 | D        | styxcanada the Spriggan Brigand began the quest for the
                  | Orb.
     0 | D        | Reached XP level 1. HP: 10/10 MP: 2/2
    10 | D        | Reached skill level 6 in Stealth
    44 | D        | Reached skill level 7 in Stealth
    49 | D        | Noticed a scorpion
    52 | D        | Killed a scorpion
    53 | D        | Reached skill level 11 in Stealth
    53 | D        | Reached XP level 2. HP: 16/16 MP: 3/3
    53 | D        | Reached XP level 3. HP: 19/19 MP: 4/4
    57 | D        | Reached XP level 4. HP: 23/23 MP: 5/5
    68 | D        | Gained mutation: Your flesh is cold resistant. (rC+)
                  | [potion of mutation]
    68 | D        | Gained mutation: Your mind is acute. (Int +2) [potion of
                  | mutation]
    69 | D        | Lost mutation: Your flesh is cold resistant. (rC+) [potion
                  | of mutation]
    69 | D        | Gained mutation: Your flesh is heat resistant. (rF+)
                  | [potion of mutation]
    69 | D        | Gained mutation: You are strong-willed. (Will+) [potion of
                  | mutation]
   129 | D        | Noticed a water elemental
   132 | D        | Killed a water elemental
   133 | D        | Reached skill level 13 in Stealth
   143 | D        | Noticed a shadow
   150 | D        | Reached skill level 14 in Stealth
   150 | D        | Reached XP level 5. HP: 28/28 MP: 6/6
   183 | D        | Slain by a shadow

Illustrated notes

Levels and vault maps discovered:
D:        dungeon_sprint_mu [sprint_mu_entry_cave, sprint_mu_temple_rooms,
          sprint_mu_d1_spiders, sprint_mu_d2_genie, sprint_mu_d3_branching,
          sprint_mu_orc_legion, sprint_mu_elf_gauntlet, sprint_mu_hive_nellie,
          sprint_mu_lair_fedhas, sprint_mu_vaults_butterflies,
          sprint_mu_slime_circle, sprint_mu_swamp_cave, sprint_mu_snake_twists,
          sprint_mu_blade_basic, sprint_mu_crypt_lich, sprint_mu_tomb_spiral,
          sprint_mu_vestibule_basic, sprint_mu_gehenna_hellfire,
          sprint_mu_dis_giant, sprint_mu_tartarus_statrot,
          sprint_mu_cocytus_islands, sprint_mu_zot1]

Skill      XL: |  1  2  3  4 |
---------------+-------------+-----
Stealth        | 11 14 | 14.1
Fighting       | 2 3 |  3.1
Short Blades   | 3 |  3.5
Dodging        | 3 4 |  4.7
Throwing       | |  2.6

Action                   |  1- 3 |  4- 6 || total
-------------------------+-------+-------++-------
Melee: Dagger            |     6 |    24 ||    30
  Use: Potion            |       |     4 ||     4
 Stab: Sleeping          |     6 |     2 ||     8
Dodge: Dodged            |       |    12 ||    12
